 Dungeon Crawl Stone Soup version 0.31-a0-174-g85c54bcb58 (webtiles) character file.

Game seed: 6985981492622138367

1379 qw the Skirmisher (level 8, -3/51 HPs)
             Began as a Gargoyle Hunter on June 15, 2023.
             Was an Initiate of Okawaru.
             Slain by Edmund
             ... wielding a +1 heavy dire flail
              (19 damage)
             ... on level 6 of the Dungeon.
             The game lasted 00:02:09 (4652 turns).

qw the Skirmisher (Gargoyle Hunter)                 Turns: 4652, Time: 00:02:09

Health: -3/51      AC: 19    Str: 15    XL:     8   Next: 66%
Magic:  8/8        EV: 11    Int: 10    God:    Okawaru [......]
Gold:   210        SH:  0    Dex: 15    Spells: 7/7 levels left

rFire   . . .        Y - +1 shortbow
rCold   . . .        (shield currently unavailable)
rNeg    + . .        m - +0 ring mail
rPois   inf          c - +0 helmet
rElec   +            (no cloak)
rCorr   .            h - +2 pair of gloves
SInv    .            (no boots)
Will    .....        (no amulet)
Stlth   +            f - +4 ring of protection
HPRegen 0.28/turn    (no ring)
MPRegen 0.11/turn

%: no passive effects
@: no status effects
A: sickness immunity, AC +5, negative energy resistance 1, electricity
resistance, torment resistance 1, petrification resistance
a: Renounce Religion


You were on level 6 of the Dungeon.
You worshipped Okawaru.
Okawaru was noncommittal.
You visited 2 branches of the dungeon, and saw 7 of its levels.

You collected 210 gold pieces.


Innate Abilities, Weirdness & Mutations

You are immune to sickness and miasma.
Your stone body is resilient. (AC +5)
You are immune to poison.
You resist negative energy. (rN+)
You are resistant to electric shocks. (rElec)
You are resistant to unholy torment.
You are immune to petrification.


   Skills:
 - Level 6.2 Fighting
 + Level 9.2 Ranged Weapons
 - Level 2.6 Armour
 - Level 2.1 Dodging
 - Level 1.1 Stealth


You had 7 spell levels left.
You didn't know any spells.
Your spell library was empty.

Inventory:

Hand Weapons
 Y - a +1 shortbow (weapon)
Armour
 c - a +0 helmet (worn)
 h - a +2 pair of gloves (worn)
 m - a +0 ring mail (worn)
Jewellery
 f - a +4 ring of protection (left hand)
Scrolls
 a - 3 scrolls of teleportation
 g - a scroll of identify
Potions
 b - a potion of magic
 d - 2 potions of cancellation
 e - 2 potions of heal wounds
 i - a potion of curing
 j - a potion of resistance
 k - 2 potions of haste
 l - a potion of attraction
 n - a potion of might {unknown}

Dungeon Overview and Level Annotations

Branches:
Dungeon (6/15)             Temple (1/1) D:6

Altars:
Cheibriados
Dithmenos
Elyvilon
Fedhas
Gozag
Hepliaklqana
Kikubaaqudgha
Makhleb
Nemelex Xobeh
Okawaru
Qazlal
Ru
Sif Muna
Trog
Vehumet
Wu Jian
Xom
Zin
The Shining One

Shops:
D:2 !

Annotations:
D:3 Ijyb
D:4 3 runed translucent doors, qw's ghost, novice NaHu
D:6 Edmund


Message History

The arrow hits Edmund but does no damage.
Edmund is moderately wounded.
You shoot an arrow. The arrow hits Edmund.
Edmund is moderately wounded.
Edmund hits you with a +1 heavy dire flail!
You shoot an arrow.
The arrow hits Edmund but does no damage.
Edmund is moderately wounded.
Edmund hits you but does no damage.
You shoot an arrow. The arrow hits Edmund.
Edmund is heavily wounded.
You shoot an arrow. The arrow hits Edmund.
Edmund is heavily wounded.
Edmund barely misses you.
You shoot an arrow. The arrow hits Edmund!
Edmund is severely wounded.
Edmund hits you with a +1 heavy dire flail!
You shoot an arrow. The arrow hits Edmund.
Edmund is almost dead.
You shoot an arrow.
The arrow hits Edmund but does no damage.
Edmund is almost dead.
Edmund completely misses you.
You shoot an arrow.
The arrow hits Edmund but does no damage.
Edmund is almost dead.
Edmund barely misses you.
You shoot an arrow. The arrow hits Edmund.
Edmund is almost dead.
Edmund barely misses you.
You shoot an arrow. The arrow barely misses Edmund.
You shoot an arrow.
The arrow hits Edmund but does no damage.
Edmund is almost dead.
Edmund closely misses you.
You shoot an arrow.
The arrow hits Edmund but does no damage.
Edmund is almost dead.
Edmund hits you with a +1 heavy dire flail!!
You die...

#........................
#......[.....######......
#.......!................
#............#..#####....
###.##.......#..# #.....#
###.....#..###.....#
###........#.....#
#####....##........
#.@........#.......
#@#####...........# ...
###..:....... #..#
##......... ....
.......... #....
...##....... #...
..##........ #...
.....#.### ###...#.###


You could see Edmund.

Vanquished Creatures
  Grinder (D:6)
  A water moccasin (D:6)
  A sky beast (D:6)
  A black bear (D:5)
  2 bullfrogs (D:6)
  A scorpion (D:5)
  5 wights (D:6)
  4 hounds
  2 iguanas (D:5)
  An orc wizard (D:6)
  Robin (D:3)
  3 gnolls (D:5)
  8 adders
  2 ufetubi (D:6)
  2 adder skeletons (D:2)
  2 worms
  2 dart slugs
  11 orcs
  11 bats
  A bat skeleton (D:2)
  4 endoplasms
  3 giant cockroaches
  9 goblins
  9 hobgoblins
  11 jackals
  7 kobolds
  2 quokkas (D:1)
  7 ball pythons
  4 frilled lizards
  3 rats
121 creatures vanquished.

Notes
Turn   | Place    | Note
-------+----------+-------------------------------------------
     0 | D:1      | qw the Gargoyle Hunter began the quest for the Orb.
     0 | D:1      | Reached XP level 1. HP: 12/12 MP: 1/1
     0 | D:1      | 0 ||| qw: Version: 0.2-a-29-g511e9b1
     0 | D:1      | 0 ||| qw: Game counter: 5436
     0 | D:1      | 0 ||| qw: Always use a shield: true
     0 | D:1      | 0 ||| qw: God list: Okawaru
     0 | D:1      | 0 ||| qw: Allow faded altars: false
     0 | D:1      | 0 ||| qw: Do Orc after D:15 true
     0 | D:1      | 0 ||| qw: Do second Lair branch before Depths: true
     0 | D:1      | 0 ||| qw: Lair rune preference: random
     0 | D:1      | 0 ||| qw: Plans: Normal, Zot:1-4, Slime:5, God:TSO, Crypt,
                  | Tomb, Abyss, Pan, Hells, Win
     0 | D:1      | 0 ||| PLANNING D:1-11
   171 | D:1      | Reached XP level 2. HP: 17/17 MP: 2/2
   500 | D:1      | Reached XP level 3. HP: 21/21 MP: 3/3
   513 | D:1      | Reached skill level 5 in Ranged Weapons
  1097 | D:1      | 1097 ||| DROPPING ring of wizardry.
  1098 | D:1      | 1098 ||| READING 3 scrolls labelled DOL ITYQUNO.
  1102 | D:1      | 1102 ||| READING 2 scrolls labelled LUIQEUGRAI.
  1103 | D:1      | 1103 ||| DROPPING scroll of butterflies.
  1165 | D:2      | Reached skill level 3 in Fighting
  1192 | D:2      | Reached XP level 4. HP: 24/28 MP: 4/4
  1423 | D:2      | Found Reulaf's Distillery.
  1452 | D:2      | 1452 ||| SHOPLISTING 2 potions of haste (280 gold, have
                  | 83).
  1544 | D:2      | 1544 ||| UPGRADING to +0 pair of gloves.
  1549 | D:2      | 1549 ||| UPGRADING to +0 ring mail.
  1559 | D:2      | 1559 ||| DROPPING +0 leather armour.
  1560 | D:2      | 1560 ||| READING 4 scrolls labelled UGESOA NUOSIAGUA.
  1561 | D:2      | 1561 ||| READING 2 scrolls labelled OCYILE SEODUKH.
  1562 | D:2      | 1562 ||| DRINKING 2 white potions.
  1563 | D:2      | 1563 ||| DRINKING 2 orange potions.
  1564 | D:2      | 1564 ||| READING 3 scrolls of identify.
  1564 | D:2      | 1564 ||| IDENTIFYING silvery potion
  1565 | D:2      | 1565 ||| READING 2 scrolls of identify.
  1565 | D:2      | 1565 ||| IDENTIFYING fuming silvery potion
  1566 | D:2      | 1566 ||| DROPPING 3 scrolls of vulnerability.
  1567 | D:2      | 1567 ||| DROPPING potion of brilliance.
  1568 | D:2      | 1568 ||| DROPPING scroll of fear.
  1693 | D:3      | Noticed Robin
  1715 | D:3      | Killed Robin
  1716 | D:3      | Reached skill level 1 in Armour
  1788 | D:3      | Reached XP level 5. HP: 32/32 MP: 5/5
  2024 | D:3      | Noticed Ijyb
  2028 | D:3      | HP: 5/32 [Ijyb/bolt of acid (11)]
  2029 | D:3      | 2029 ||| READING 4 scrolls of teleportation.
  2030 | D:3      | 2030 ||| DRINKING potion of heal wounds.
  2314 | D:3      | Reached skill level 6 in Ranged Weapons
  2479 | D:3      | 2479 ||| UPGRADING to +0 helmet.
  2484 | D:3      | 2484 ||| UPGRADING to +1 pair of gloves.
  2494 | D:3      | 2494 ||| DROPPING +0 pair of gloves.
  2495 | D:3      | 2495 ||| READING scroll labelled VEXZAE DOURONEUJIE.
  2496 | D:3      | 2496 ||| READING scroll labelled WUDIYC YWOLAZ.
  2497 | D:3      | 2497 ||| READING scroll labelled METSET PIODD.
  2498 | D:3      | 2498 ||| READING scroll labelled OFEMOL UQIXI.
  2499 | D:3      | 2499 ||| READING 3 scrolls of identify.
  2499 | D:3      | 2499 ||| IDENTIFYING fizzy silvery potion
  2500 | D:3      | 2500 ||| READING 2 scrolls of identify.
  2500 | D:3      | 2500 ||| IDENTIFYING fuming clear potion
  2501 | D:3      | 2501 ||| DROPPING potion of berserk rage.
  2534 | D:4      | Noticed a kobold brigand
  2534 | D:4      | Found a sacrificial altar of Ru.
  2534 | D:4      | Found a runed translucent gate.
  2534 | D:4      | Found a runed translucent gate.
  2534 | D:4      | Found a runed translucent gate.
  2538 | D:4      | Noticed qw's ghost (novice NaHu)
  2599 | D:4      | Identified the +2 flail of Liliproy {vamp, *Slow rElec
                  | Int+3 Dex+4}
  2731 | D:4      | Reached XP level 6. HP: 38/38 MP: 6/6
  2836 | D:4      | Found a hazy altar of Hepliaklqana.
  2965 | D:4      | 2965 ||| READING scroll labelled UNAMAWEGGA.
  2993 | D:4      | 2993 ||| READING 3 scrolls labelled CYXEXT BEIFREE.
  2994 | D:4      | 2994 ||| READING 4 scrolls of identify.
  2994 | D:4      | 2994 ||| IDENTIFYING murky brown potion
  2995 | D:4      | 2995 ||| READING 3 scrolls of identify.
  2995 | D:4      | 2995 ||| IDENTIFYING bubbling pink potion
  2996 | D:4      | 2996 ||| READING 2 scrolls of identify.
  2996 | D:4      | 2996 ||| IDENTIFYING viscous blue potion
  2997 | D:4      | 2997 ||| DROPPING 2 scrolls of revelation.
  3017 | D:5      | Entered Level 5 of the Dungeon
  3043 | D:5      | Noticed a black bear
  3059 | D:5      | Killed a black bear
  3194 | D:5      | 3194 ||| Stepping ~*~*~tactically~*~*~ (outnumbered).
  3197 | D:5      | 3197 ||| Stepping ~*~*~tactically~*~*~ (outnumbered).
  3199 | D:5      | 3199 ||| FLEEEEING.
  3207 | D:5      | Reached skill level 7 in Ranged Weapons
  3267 | D:5      | Reached XP level 7. HP: 28/43 MP: 7/7
  3909 | D:5      | 3909 ||| UPGRADING to +2 pair of gloves.
  3919 | D:5      | 3919 ||| DROPPING +1 pair of gloves.
  3920 | D:5      | 3920 ||| READING 2 scrolls of identify.
  3920 | D:5      | 3920 ||| IDENTIFYING fuming black potion
  3921 | D:5      | 3921 ||| DROPPING potion of degeneration.
  4022 | D:6      | Reached skill level 8 in Ranged Weapons
  4165 | D:6      | Found a staircase to the Ecumenical Temple.
  4165 | D:6      | Noticed Grinder
  4166 | D:6      | 4166 ||| PLANNING TEMPLE
  4166 | D:6      | 4166 ||| UPGRADING to +4 ring of protection.
  4168 | D:6      | Paralysed by Grinder for 5 turns
  4194 | D:6      | 4194 ||| FLEEEEING.
  4213 | D:6      | 4213 ||| FLEEEEING.
  4214 | D:6      | 4214 ||| FLEEEEING.
  4215 | D:6      | 4215 ||| FLEEEEING.
  4216 | D:6      | 4216 ||| FLEEEEING.
  4217 | D:6      | 4217 ||| FLEEEEING.
  4218 | D:6      | 4218 ||| FLEEEEING.
  4219 | D:6      | 4219 ||| FLEEEEING.
  4223 | D:6      | 4223 ||| FLEEEEING.
  4224 | D:6      | 4224 ||| FLEEEEING.
  4244 | D:6      | Killed Grinder
  4245 | D:6      | Reached skill level 6 in Fighting
  4245 | D:6      | Reached XP level 8. HP: 51/51 MP: 8/8
  4261 | Temple   | Entered the Ecumenical Temple
  4262 | Temple   | 4262 ||| PLANNING OKAWARU WORSHIP
  4395 | Temple   | Became a worshipper of Warmaster Okawaru
  4396 | Temple   | 4396 ||| PLANNING D:1-11
  4549 | D:6      | Reached skill level 9 in Ranged Weapons
  4624 | D:6      | Noticed Edmund
  4652 | D:6      | Slain by Edmund

Levels and vault maps discovered:
D:1:      psy_arrival_fountain, layout_basic
D:2:      layout_rooms, serial_undead, serial_undead_e, serial_undead_e,
          serial_undead_e, serial_undead_e, serial_shops,
          nicolae_shop_tiny_waterfront
D:3:      layout_loops_ring, minmay_misc_feat_four_crosses, grunt_ministairs_8,
          uniq_ijyb, uniq_robin
D:4:      layout_basic, lemuel_crystal_altar, nzn_hepliaklqana_mist_gate,
          gammafunk_ghost_nasty_kobolds, hex_medium
D:5:      layout_basic
D:6:      layout_rooms, minmay_temple_entry_large_hall,
          minmay_misc_feat_nine_boxes, uniq_edmund, uniq_grinder
Temple:   nicolae_temple_bog_church

Skill      XL: |  1  2  3  4  5  6  7  8 |
---------------+-------------------------+-----
Ranged Weapons | 5 6 7 8 9 |  9.2
Fighting       | 3 4 6 |  6.2
Armour         | 1 2 |  2.6
Dodging        | 2 |  2.1
Stealth        | |  1.1

Action                     |  1- 3 |  4- 6 |  7- 9 || total
---------------------------+-------+-------+-------++-------
   Fire: Shortbow          |   129 |   226 |   178 ||   533
    Use: Scroll            |     2 |    16 |     1 ||    19
         Potion            |       |     3 |       ||     3
 Armour: Leather armour    |    28 |    10 |       ||    38
         Ring mail         |       |    61 |    57 ||   118
  Dodge: Dodged            |    38 |    90 |    73 ||   201

Table legend:
 A = Non-vault XP
 B = Vault XP
 C = Vault XP percentage of total XP
 D = Non-vault monster count
 E = Vault monster count
 F = Vault count percentage of total count
                 A         B        C        D         E       F
            +---------+---------+-------+---------+---------+-------
      Total |    1629 |     341 |  17.3 |     108 |      13 |  10.7
            +---------+---------+-------+---------+---------+-------
        D:1 |      57 |       0 |   0.0 |      33 |       0 |   0.0
        D:2 |      52 |      12 |  18.8 |      17 |       3 |  15.0
        D:3 |      75 |      43 |  36.4 |      12 |       9 |  42.9
        D:4 |      89 |       0 |   0.0 |      14 |       0 |   0.0
        D:5 |     447 |       0 |   0.0 |      16 |       0 |   0.0
        D:6 |     909 |     286 |  23.9 |      16 |       1 |   5.9
            +---------+---------+-------+---------+---------+-------
